 Dungeon Crawl Stone Soup version 0.29.0-15-g675c0067aa (webtiles) character file.

Game seed: 2298349655881939365

4 qw the Sneak (level 1, -5/14 HPs)
             Began as a Gargoyle Delver on Sept 11, 2022.
             Slain by an orc
             ... wielding a +0 war axe
              (9 damage)
             ... on level 5 of the Dungeon.
             The game lasted 00:00:03 (139 turns).

qw the Sneak (Gargoyle Delver)                       Turns: 139, Time: 00:00:04

Health: -5/14      AC:  5    Str: 15    XL:     1   Next: 60%
Magic:  1/1        EV: 11    Int: 10    God:
Gold:   12         SH:  0    Dex: 11    Spells: 0/0 levels left

rFire   . . .      SeeInvis .   a - +0 hand axe
rCold   . . .      Faith    .   (no shield)
rNeg    + . .      Spirit   .   b - +0 leather armour
rPois   inf        Reflect  .   (no helmet)
rElec   +          Harm     .   (no cloak)
rCorr   .          Rampage  .   (no gloves)
Will    .....                   (no boots)
Stlth   +++.......              (no amulet)
HPRegen 0.04/turn               (no ring)
MPRegen 0.07/turn               (no ring)

@: no status effects
A: sickness immunity, AC +2, negative energy resistance 1, electricity
resistance, torment resistance 1, petrification resistance
a: no special abilities


You were on level 5 of the Dungeon.
You visited 1 branch of the dungeon, and saw 1 of its levels.

You collected 12 gold pieces.


Innate Abilities, Weirdness & Mutations

You are immune to sickness and miasma.
Your stone body is resilient. (AC +2)
You are immune to poison.
You resist negative energy. (rN+)
You are resistant to electric shocks. (rElec)
You are resistant to unholy torment.
You are immune to petrification.


   Skills:
 - Level 3.2 Fighting
 + Level 2.1 Axes
 - Level 1.5 Dodging
 - Level 5.4 Stealth


You couldn't memorise any spells.
You didn't know any spells.
Your spell library was empty.

Inventory:

Hand Weapons
 a - a +0 hand axe (weapon)
Armour
 b - a +0 leather armour (worn)
 h - a +0 ring mail
Wands
 g - a wand of digging (3)
Scrolls
 c - a scroll of fog
 d - a scroll of magic mapping
 e - a scroll of fear
Potions
 f - a potion of haste

Dungeon Overview and Level Annotations

Branches:
Dungeon (5/15)
 Temple: D:4-7

Altars:


Message History

The orc attacks as you move away! The orc barely misses you.
You hit the orc.
The orc is severely wounded.
The orc hits you but does no damage. The orc hits you with a +0 dagger.
The orc misses you.
You hit the orc.
You kill the orc!
You hit the orc. The orc hits you with a +0 falchion.
Your Axes skill increases to level 2!
You closely miss the orc.
The orc is heavily wounded.
The orc hits you but does no damage.
You closely miss the orc.
The orc is heavily wounded.
The orc completely misses you.
You closely miss the orc. You punch the orc.
You kill the orc!
You start resting.
An orc is nearby!
The orc shouts!
134 ||| Stepping ~*~*~tactically~*~*~ (stealth).
Things that are here:
a +0 dagger; an orc corpse
135 ||| Stepping ~*~*~tactically~*~*~ (stealth).
136 ||| Stepping ~*~*~tactically~*~*~ (stealth).
The orc shouts!
You hit the orc.
The orc is heavily wounded.
You hear a shout!
The orc hits you with a +0 whip. x2
You hit the orc but do no damage.
The orc is heavily wounded.
The orc hits you with a +0 whip.
You barely miss the orc.
The orc is heavily wounded.
You closely miss the orc. The orc hits you with a +0 war axe!
Ouch! That really hurt!
You die...

#...)...=oo
#........o.#
#........o.
#.........
....o.. #....#
#....####
#....oo@#
##....o.#
#....))# ......
#......#
......####......#
...............#
#.............#
#.............#
#.........|...#


You could see 3 orcs.

Vanquished Creatures
  2 orcs (D:5)
2 creatures vanquished.

Notes
Turn   | Place    | Note
-------+----------+-------------------------------------------
     0 | D:5      | qw the Gargoyle Delver began the quest for the Orb.
     0 | D:5      | Reached XP level 1. HP: 14/14 MP: 1/1
     0 | D:5      | 0 ||| qw: Version: 0.1-a-117-gfe26ee0
     0 | D:5      | 0 ||| qw: Game counter: 10100
     0 | D:5      | 0 ||| qw: Always use a shield: true
     0 | D:5      | 0 ||| qw: God list: Okawaru
     0 | D:5      | 0 ||| qw: Allow faded altars: false
     0 | D:5      | 0 ||| qw: Do Orc after D:15 true
     0 | D:5      | 0 ||| qw: Do second Lair branch before Depths: true
     0 | D:5      | 0 ||| qw: Lair rune preference: random
     0 | D:5      | 0 ||| qw: Plans: Normal
     0 | D:5      | 0 ||| PLANNING D:1-11
    27 | D:5      | 27 ||| Stepping ~*~*~tactically~*~*~ (stealth).
    28 | D:5      | 28 ||| Stepping ~*~*~tactically~*~*~ (stealth).
    30 | D:5      | 30 ||| Stepping ~*~*~tactically~*~*~ (stealth).
    35 | D:5      | 35 ||| Stepping ~*~*~tactically~*~*~ (stealth).
    36 | D:5      | 36 ||| Stepping ~*~*~tactically~*~*~ (stealth).
   134 | D:5      | 134 ||| Stepping ~*~*~tactically~*~*~ (stealth).
   135 | D:5      | 135 ||| Stepping ~*~*~tactically~*~*~ (stealth).
   136 | D:5      | 136 ||| Stepping ~*~*~tactically~*~*~ (stealth).
   139 | D:5      | Slain by an orc

Levels and vault maps discovered:
D:5:      cheibrodos_helix_gallery, layout_basic, mainiacjoe_overflow_alcove_1,
          uniq_pikel, uniq_crazy_yiuf_cottage

Skill      XL: |  1 |
---------------+----+-----
Axes           | 2 |  2.1
Fighting       | |  3.2
Dodging        | |  1.5
Stealth        | |  5.4

Action                   || total
-------------------------++-------
Melee: Hand axe          ||    12
       Punch             ||     1
Armor: Leather armour    ||     3
Dodge: Dodged            ||     5

Table legend:
 A = Non-vault XP
 B = Vault XP
 C = Vault XP percentage of total XP
 D = Non-vault monster count
 E = Vault monster count
 F = Vault count percentage of total count
                 A         B        C        D         E       F
            +---------+---------+-------+---------+---------+-------
      Total |       6 |       0 |   0.0 |       2 |       0 |   0.0
            +---------+---------+-------+---------+---------+-------
        D:5 |       6 |       0 |   0.0 |       2 |       0 |   0.0
            +---------+---------+-------+---------+---------+-------
